 Dungeon Crawl Stone Soup version 0.31-a0-1074-g0b22e4e0f1 (webtiles) character file.

Game seed: 12919365165502187584

107 Lobster4 the Changeling (level 4, -11/33 HPs)
             Began as a Merfolk Shapeshifter on Nov 27, 2023.
             Mangled by a gnoll
             ... wielding a +0 halberd of protection
              (14 damage)
             ... on level 3 of the Dungeon.
             The game lasted 00:04:22 (2325 turns).

Lobster4 the Changeling (Merfolk Shapeshifter)      Turns: 2325, Time: 00:04:22

Health: -11/33     AC:  5    Str: 16    XL:     4   Next: 86%
Magic:  4/4        EV: 12    Int:  9    God:
Gold:   77         SH:  0    Dex: 19    Spells: 3/3 levels left

rFire   . . .        a - +1 dagger (speed)
rCold   . . .        (no shield)
rNeg    . . .        r - +0 ring mail
rPois   .            (helmet currently unavailable)
rElec   .            (cloak currently unavailable)
rCorr   .            (gloves currently unavailable)
SInv    .            (boots currently unavailable)
Will    .....        (no amulet)
Stlth   +            l - +6 ring of dexterity
HPRegen 0.25/turn    (no ring)
MPRegen 0.09/turn

%: no passive effects
@: beast-form
A: beast (slay +3), (nimble swimmer 2), mertail
a: Begin Untransformation


You were on level 3 of the Dungeon.
You were a hulking beast.
You visited 1 branch of the dungeon, and saw 3 of its levels.

You collected 77 gold pieces.

Inventory:

Hand Weapons
 a - a +1 dagger of speed (weapon)
 b - a +0 sling
 j - a +0 short sword
Missiles
 f - 18 stones
Armour
 e - a +0 leather armour
 r - a +0 ring mail (worn)
 s - a +0 animal skin
Magical Staves
 q - a staff of cold
 t - a staff of air
Jewellery
 l - a +6 ring of dexterity (left hand)
Talismans
 c - a beast talisman
 d - a flux talisman
Scrolls
 g - a scroll of teleportation
 m - a scroll of fear {unknown}
 o - 3 scrolls of identify {unknown}
 v - a scroll of amnesia {unknown}
Potions
 h - a potion of lignification
 i - a potion of brilliance {unknown}
 n - 2 potions of haste {unknown}
 p - a potion of invisibility {unknown}
 u - a potion of curing {unknown}


   Skills:
 - Level 2.0 Fighting
 - Level 3.0 Dodging
 - Level 4.0 Unarmed Combat
 + Level 5.8 Shapeshifting


You had 3 spell levels left.
You didn't know any spells.
Your spell library contained the following spells:

 Spells                   Type           Power      Damage    Failure   Level
 Animate Dead             Necr           0%         N/A       100%        4
 Borgnjor's Vile Clutch   Necr/Erth      0%         N/A       100%        5
 Death Channel            Necr           0%         N/A       100%        6


Dungeon Overview and Level Annotations

Branches:
Dungeon (3/15)

Altars:

Annotations:
D:2 Terence


Innate Abilities, Weirdness & Mutations

You are a hulking beast.
Your limbs bulge with bestial killing power. (Slay +3)
((You are very nimble when in or above water. (Stealth+, EV+, Speed+++)))
Your lower body shifts to a powerful aquatic tail in water.


Message History

A gnoll comes into view. It is wielding a +0 spear.
Found a pearl ring.
The gnoll closely misses you.
You completely miss the gnoll. The gnoll hits you with a +0 spear.
You hit the gnoll.
The gnoll is moderately wounded.
You hit the gnoll.
The gnoll is heavily wounded.
The gnoll closely misses you.
You hit the gnoll. Your punch misses the gnoll.
The gnoll is severely wounded.
The gnoll hits you with a +0 spear.
You hit the gnoll.
You kill the gnoll!
No target in view!
You see here a +0 spear. 2 gnolls come into view.
A gnoll is wielding a +0 halberd of protection.
The gnoll shouts! x2
A goblin comes into view. It is wielding a +0 dagger.
A gnoll comes into view. It is wielding a +0 flail.
You are caught in the web!
The gnoll shouts!
The goblin shouts!
There is a web here.
You see here a ring of flight.
You struggle to detach yourself from the web.
The gnoll hits you with a +0 club.
You disentangle yourself.
The gnoll misses you.
You barely miss the gnoll. The gnoll hits you with a +0 club.
The gnoll hits you but does no damage.
You hit the gnoll.
The gnoll is moderately wounded.
The gnoll hits you with a +0 club.
The gnoll hits you from afar with a +0 halberd of protection!
* * * LOW HITPOINT WARNING * * *
As you read the scroll labelled MAIKHL CYHIL, it crumbles to dust.
The creatures around you are filled with an inner flame!
It was a scroll of immolation.
The gnoll hits you from afar with a +0 halberd of protection!
You die...

#. #.# #.#
#.# ###.#
...#
#.########
#....).gh#
#.######.#
#.# #g#
#.# #g#
#.# #g#
#.# #.#
#.# ..#
#.# .##
#.#


You could see 3 gnolls and a goblin (inner flame).

Vanquished Creatures
  A gnoll (D:3)
  4 adders
  A worm (D:2)
  A dart slug (D:1)
  7 bats
  7 endoplasms
  2 giant cockroaches (D:1)
  7 goblins
  4 hobgoblins (D:1)
  3 jackals (D:1)
  3 kobolds
  A quokka (D:2)
  7 ball pythons
  3 frilled lizards
  3 rats
54 creatures vanquished.

Notes
Turn   | Place    | Note
-------+----------+-------------------------------------------
     0 | D:1      | Lobster4 the Merfolk Shapeshifter began the quest for the
                  | Orb.
     0 | D:1      | Reached XP level 1. HP: 15/15 MP: 1/1
   378 | D:1      | Reached XP level 2. HP: 21/21 MP: 2/2
   564 | D:1      | Reached XP level 3. HP: 27/27 MP: 3/3
  1387 | D:2      | Reached skill level 5 in Shapeshifting
  1387 | D:2      | Reached XP level 4. HP: 33/33 MP: 4/4
  1512 | D:2      | Noticed Terence
  2325 | D:3      | Mangled by a gnoll

Illustrated notes

Levels and vault maps discovered:
D:1:      mrwooster_arrival_arrow, layout_basic, serial_forest,
          infiniplex_forest_lined_room_2, infiniplex_forest_straight_5,
          infiniplex_forest_lined_3, infiniplex_forest_lined_3_way,
          infiniplex_forest_corner_1, infiniplex_forest_straight_2,
          infiniplex_forest_clump_double, infiniplex_forest_zigzag_1,
          minmay_distorted
D:2:      layout_basic, uniq_terence
D:3:      layout_basic, corner_web_ring

Skill      XL: |  1  2  3 |
---------------+----------+-----
Dodging        | 3 |  3.0
Fighting       | 2 |  2.0
Unarmed Combat | 4 |  4.0
Shapeshifting  | 5 |  5.8

Action                     |  1- 3 |  4- 6 || total
---------------------------+-------+-------++-------
  Melee: Unarmed           |    11 |       ||    11
         Club              |    33 |       ||    33
         Punch             |     4 |       ||     4
         Short sword       |    47 |       ||    47
         Dagger            |    18 |    46 ||    64
    Use: Scroll            |       |     3 ||     3
   Stab: Sleeping          |       |     2 ||     2
 Armour: Leather armour    |    54 |    12 ||    66
         Ring mail         |       |    11 ||    11
  Dodge: Dodged            |    71 |    29 ||   100

Table legend: (Time is in decaauts)
 A = Elapsed time spent in this place.
 B = Non-inter-level travel time spent in this place.
 C = Inter-level travel time spent in this place.
 D = Time resting spent in this place.
 E = Time spent auto-exploring this place.
 F = Levels seen in this place.
 G = Mean time per level.
                   A        B        C        D        E       F      G
               +--------+--------+--------+--------+--------+-----+--------+
         Total |   2311 |   2091 |    220 |      0 |   1636 |   3 |  770.3 |
       Dungeon |   2311 |   2091 |    220 |      0 |   1636 |   3 |  770.3 |
               +--------+--------+--------+--------+--------+-----+--------+

Top non-repeatable levels by time:
     D:1: 1201 daAuts
     D:2: 748 daAuts
     D:3: 361 daAuts
